 Dungeon Crawl Stone Soup version 0.29.1-2-gbd0b4ee654 (webtiles) character file.

Game seed: 12010149187833895001

50 DildoBatman the Conjurer (level 4, -1/26 (30) HPs)
             Began as a Formicid Conjurer on Nov 11, 2022.
             Slain by a goblin
             ... wielding a +0 club
              (4 damage)
             ... on level 3 of the Dungeon.
             The game lasted 00:02:14 (727 turns).

DildoBatman the Conjurer (Formicid Conjurer)         Turns: 727, Time: 00:02:15

HP:   -1/26 (30)    AC:  2    Str: 12    XL:     4   Next: 4%
MP:   7/7           EV: 12    Int: 17    God:
Gold: 83            SH:  0    Dex: 14    Spells: 4/7 levels left

rFire   . . .      SeeInvis +   f - +0 club
rCold   . . .      Faith    .   (no shield)
rNeg    . . .      Spirit   .   a - +0 robe
rPois   .          Reflect  .   (helmet unavailable)
rElec   .          Harm     .   (no cloak)
rCorr   .          Rampage  .   (no gloves)
Will    .....                   (no boots)
Stlth   ++........              g - amulet of the acrobat
HPRegen 0.08/turn               (no ring)
MPRegen 0.10/turn               (no ring)

@: heavily drained
A: permanent stasis, dig shafts and tunnels, antennae 3, four strong arms
a: Dig, Shaft Self


You were on level 3 of the Dungeon.
You visited 1 branch of the dungeon, and saw 3 of its levels.

You collected 83 gold pieces.

Inventory:

Hand Weapons
 f - a +0 club (weapon)
 i - a +0 dagger
Missiles
 e - 21 stones
Armour
 a - a +0 robe (worn)
Jewellery
 g - an amulet of the acrobat (around neck)
 p - an amulet of reflection
Scrolls
 d - a scroll of teleportation {unknown}
 j - a scroll of enchant armour {unknown}
 k - a scroll of amnesia {unknown}
 n - a scroll of blinking {unknown}
 o - a scroll of magic mapping {unknown}
Potions
 b - 2 potions of magic
 c - a potion of heal wounds {unknown}
 h - 2 potions of degeneration {unknown}
 l - a potion of resistance {unknown}
 m - a potion of might {unknown}


   Skills:
 - Level 1.7 Dodging
 - Level 2.4 Stealth
 - Level 2.1 Spellcasting
 * Level 4.9 Conjurations


You had 4 spell levels left.
You knew the following spells:

 Your Spells              Type           Power      Damage    Failure   Level
a - Searing Ray           Conj           36%        2d5       3%          2
c - Magic Dart            Conj           72%        1d6       2%          1

Your spell library contained the following spells:

 Spells                   Type           Power      Damage    Failure   Level
 Dazzling Flash           Conj/Hex       20%        N/A       22%         3
 Fulminant Prism          Conj/Hex       5%         3d7       56%         4
 Iskenderun's Mystic Bla  Conj/Tloc      10%        2d4       56%         4


Dungeon Overview and Level Annotations

Branches:
Dungeon (2/15)

Altars:
Qazlal


Innate Abilities, Weirdness & Mutations

You cannot be hasted, slowed, berserked, paralysed or teleported.
You can dig through walls and to a lower floor.
You have a pair of large antennae on your head. (SInv)
Your four strong arms can wield two-handed weapons with a shield.


Message History

t - Shout!
Orders for allies: a - Attack new target. r - Retreat! s - Stop attacking. g - Guard the area. f - Follow me.
Anything else - Cancel.
You shout for attention!
The goblin hits you with a +0 club. What are your orders? t - Shout!
Orders for allies: a - Attack new target. r - Retreat! s - Stop attacking. g - Guard the area. f - Follow me.
Anything else - Cancel.
You shout for attention!
The goblin hits you but does no damage. What are your orders? t - Shout!
Orders for allies: a - Attack new target. r - Retreat! s - Stop attacking. g - Guard the area. f - Follow me.
Anything else - Cancel.
You shout for attention!
The goblin barely misses you. What are your orders? t - Shout!
Orders for allies: a - Attack new target. r - Retreat! s - Stop attacking. g - Guard the area. f - Follow me.
Anything else - Cancel.
You shout for attention!
The goblin hits you but does no damage. What are your orders? t - Shout!
Orders for allies: a - Attack new target. r - Retreat! s - Stop attacking. g - Guard the area. f - Follow me.
Anything else - Cancel.
You shout for attention!
The goblin hits you with a +0 club.
You die...

.# .# .# .# .#
#.#####.#
#..Sg@.# #
#.####.# #8##
##.##8...8
#.###.....
#..#_....$
#...(..##.....
#.####.##8...8
#.# ##8## #.#
##


You could see an adder and a goblin.

Vanquished Creatures
  2 adders (D:2)
  4 bats
  3 endoplasms
  2 giant cockroaches (D:1)
  2 goblins (D:1)
  A hobgoblin (D:2)
  4 jackals (D:1)
  A quokka (D:1)
  3 ball pythons
  2 frilled lizards (D:1)
  4 kobolds (D:1)
  3 rats
31 creatures vanquished.

Notes
Turn   | Place    | Note
-------+----------+-------------------------------------------
     0 | D:1      | DildoBatman the Formicid Conjurer began the quest for the
                  | Orb.
     0 | D:1      | Reached XP level 1. HP: 13/13 MP: 3/3
   140 | D:1      | Reached skill level 4 in Conjurations
   140 | D:1      | Reached XP level 2. HP: 17/19 MP: 1/5
   143 | D:1      | Learned a level 2 spell: Searing Ray
   308 | D:1      | Reached XP level 3. HP: 20/24 MP: 3/6
   675 | D:2      | Reached XP level 4. HP: 30/30 MP: 2/7
   678 | D:2      | You fall into a shaft and drop 1 floor!
   678 | D:3      | Found a stormy altar of Qazlal.
   727 | D:3      | Slain by a goblin

Illustrated notes

Levels and vault maps discovered:
D:1:      amcnicky_arrival_underground_garden, layout_basic
D:2:      layout_loops_ring
D:3:      layout_loops_ring, nicolae_overflow_hidden_temple,
          uniq_crazy_yiuf_cottage

Skill      XL: |  1 |
---------------+----+-----
Conjurations   | 4 |  4.9
Dodging        | |  1.7
Stealth        | |  2.4
Spellcasting   | |  2.1

Action                   |  1- 3 |  4- 6 || total
-------------------------+-------+-------++-------
Melee: Club              |    26 |       ||    26
 Cast: Magic Dart        |    17 |       ||    17
       Searing Ray       |     5 |       ||     5
 Abil: Dig               |       |     1 ||     1
       Shaft Self        |       |     1 ||     1
Armor: Robe              |     9 |     4 ||    13
Dodge: Dodged            |    27 |    15 ||    42
